AoeStats
← STORMDUDE7

QS Arena

503501800Analyzed
3v3 RM · 1mo ago on Sep 1, 2026· 34m 4s· 6 players
Game mode
Random Map
Map size
Normal (6 player)
Population
200
Speed
Normal
Resources
Standard
Victory
Conquest
Starting age
Dark Age
Ending age
Imperial Age
RankedLock teamsTeams togetherTeam positionsShared explorationLock speedFull tech treeHidden civsTurbo modeCheats
Victory
Defeat
🇦🇷 Mongols · Argentina
725
+17
🇦🇷 Vietnamese · Argentina
716
+17
🇦🇷 Turks · Argentina
712
+17
🇹🇷 Franks · Türkiye
814
-20
🇺🇸 Vietnamese · United States
750
-37
🇨🇷 Goths · Costa Rica
668
-14
STORMDUDE7
7:27 Loom
10:10 Feudal Age
11:29 Wheelbarrow
16:28 Horse Collar
16:43 Gold Mining
16:43 Stone Mining
16:45 Arson
17:19 Padded Archer Armor
19:29 Bloodlines
22:52 Castle Age
23:07 Fletching
23:53 Hand Cart
23:26 Town Watch
23:39 Town Watch
23:53 Elite Skirmisher
25:00 Town Patrol
25:28 Heavy Plow
27:47 Crossbowman
30:23 Chatras
35:30 Imperial Age
Legolas
2:43 Loom
10:19 Feudal Age
15:43 Gold Mining
15:44 Stone Mining
15:44 Double-Bit Axe
18:15 Castle Age
17:36 Forging
17:45 Scale Barding Armor
18:11 Fletching
18:32 Padded Archer Armor
20:34 Iron Casting
25:58 Husbandry
29:11 Wheelbarrow
Bobuster
0:26 Loom
9:05 Feudal Age
14:03 Castle Age
14:22 Wheelbarrow
14:38 Horse Collar
15:22 Heavy Plow
28:38 Imperial Age
25:55 Town Watch
26:27 Hand Cart
27:38 Scale Mail Armor
29:33 Chain Mail Armor
29:28 Forging
Chor1z0
1:35 Loom
8:04 Feudal Age
15:01 Castle Age
13:40 Double-Bit Axe
14:37 Horse Collar
18:36 Husbandry
23:18 Scale Barding Armor
23:24 Forging
32:28 Imperial Age
30:41 Stone Mining
30:42 Gold Mining
32:04 Chain Barding Armor
nickoemma40
7:09 Feudal Age
7:55 Gold Mining
7:58 Double-Bit Axe
9:08 Horse Collar
13:15 Fletching
13:26 Padded Archer Armor
18:38 Castle Age
19:45 Thumb Ring
19:02 Crossbowman
19:45 Bodkin Arrow
20:33 Bow Saw
22:17 Stone Mining
24:33 Leather Archer Armor
25:40 Stone Shaft Mining
29:51 Ballistics
Crisrojo
2:55 Loom
9:14 Feudal Age
14:08 Castle Age
20:07 Imperial Age
18:15 Double-Bit Axe
18:15 Horse Collar
18:28 Gold Mining
20:55 Wheelbarrow
20:23 Padded Archer Armor
25:51 Fervor
31:07 Forging
Connection lost

Rejoining the realm…

Still unreachable

The connection could not be restored.

Session expired

The server has moved on; the page needs a fresh start.